Map: Blackpink LE

Players

Elazer - Winner!

  • Race: Zerg Zerg
  • League: Master
  • Spawn Location: 7:00

DeMusliM

  • Race: Terran Terran
  • League: Grandmaster
  • Spawn Location: 1:00

Event: WESG Barcelona European Finals 2017

VOD

Have the link to the VOD?

Description

Time

  • Played on: Nov. 25, 2017, 8:30 a.m.
  • Length: 4:14

All games in this series

Show
View Real Time Build Order
Export as new Build Order

Elazer Zerg - Winner!

Build Orders: Hatch First 

Get SALT Encoding   

  12  0:00  Drone  
  13  0:12  Overlord  
  13  0:17  Drone  
  14  0:30  Drone x2  
  14  0:35  Drone  
  17  0:52  Hatchery  
  17  0:54  Drone  
  17  0:57  Drone  
  18  1:01  Extractor  
  17  1:12  Spawning Pool  
  17  1:15  Drone  
  17  1:24  Drone  
  18  1:29  Drone  
  19  1:43  Drone  
  20  1:51  Drone  
  20  2:00  Zergling x2  
  20  2:07  Metabolic Boost  
  21  2:15  Zergling x2  
  21  2:25  Queen  
  21  2:29  Zergling x2  
  24  2:35  Zergling x4  
  26  2:41  Overlord  
  24  3:00  Zergling x6  
  24  3:01  Zergling x2  
  24  3:04  Overlord  
  28  3:21  Queen  
  28  3:22  Drone x2  
  28  3:23  Drone x2  
  28  3:25  Drone  
  35  3:32  Overlord  
  34  3:41  Drone  
  34  3:43  Drone  
Show
View Real Time Build Order
Export as new Build Order

DeMusliM Terran 

Build Orders:  

Get SALT Encoding   

  12  0:01  SCV  
  13  0:13  SCV  
  14  0:18  Supply Depot  
  14  0:25  SCV  
  15  0:40  Barracks  
  15  0:52  Barracks  
  15  0:59  SCV  
  16  1:11  SCV  
  16  1:13  Refinery  
  17  1:27  Marine  
  17  1:28  Orbital Command  
  18  1:38  Marine  
  19  1:46  Marine  
  19  1:56  Marine  
  20  2:03  SCV  
  20  2:04  Marine  
  21  2:14  Marine  
  22  2:16  Supply Depot  
  22  2:18  SCV  
  23  2:38  SCV, Marine x2  
  23  2:43  Factory  
  23  2:56  SCV, Marine  
  26  3:08  SCV  
  26  3:18  Command Center  
  26  3:20  SCV  
  27  3:29  Factory Reactor  
  27  3:30  Starport  
  27  3:32  SCV  
  27  3:33  Barracks  
  28  3:37  Refinery  
  24  3:44  SCV  
Tags
 
Add a new tag
Caveats
  • Supply blocks, unpowered buildings, or Contaminate may cause inaccurate times.
  • Supply counts are checked every 10 seconds.